[Event "Titled Tuesday Blitz June 20 Late 2023"]
[White "Maximov, Dmitry"]
[Black "Brunner, Nicolas"]
[WhiteFideId "14105659"]
[BlackFideId "620246"]
[WhiteElo "2494"]
[BlackElo "2319"]
[Result "1-0"]
[Round "2"]
[TimeControl "180+2"]
[Date "2023.06.20"]
[WhiteClock "0:00:31"]
[BlackClock "0:00:10"]
[Board "50"]

1. e4 e5 2. Nf3 Nf6 3. Nxe5 d6 4. Nf3 Nxe4 5. d4 d5 6. Bd3 Be7 7. O-O Bf5 8. c3 O-O 9. Re1 c6 10. Qc2 Nd7 11. Nfd2 Ndf6 12. Nf1 Bg6 13. Bf4 Bd6 14. Bxd6 Nxd6 15. Nbd2 Qd7 16. Ng3 Rae8 17. f3 Rxe1+ 18. Rxe1 Re8 19. Re5 Qd8 20. f4 Bxd3 21. Qxd3 Nd7 22. Rxe8+ Qxe8 23. Nf3 f6 24. Kf2 Ne4+ 25. Nxe4 dxe4 26. Qc4+ Kh8 27. Qe2 Nb6 28. Nd2 f5 29. g3 Nd5 30. Nc4 g6 31. Ne5 Kg7 32. c4 Nf6 33. Kg2 Nd7 34. Qe3 Qe6 35. b3 a6 36. a4 Nf6 37. Qc3 Kg8 38. Qb4 b5 39. Qc5 bxc4 40. bxc4 Nd7 41. Qxc6 Qxc6 42. Nxc6 Nb6 43. c5 Nxa4 44. Kf2 Kf7 45. Nb4 a5 46. Nc6 Ke6 47. Nxa5 Kd5 48. Ke3 Nb2 49. c6 Kd6 50. d5 Nd1+ 51. Kd4 e3 52. Nc4+ Kc7 53. Nxe3 1-0


[Site "https://www.chess.com"]

[Event "Titled Tuesday Blitz June 20 Late 2023"]
[White "Storme, Isak"]
[Black "Goltsev, Dmitry"]
[WhiteFideId "1728113"]
[BlackFideId "24176710"]
[WhiteElo "2327"]
[BlackElo "2356"]
[Result "1-0"]
[Round "2"]
[TimeControl "180+2"]
[Date "2023.06.20"]
[WhiteClock "0:00:30"]
[BlackClock "0:00:02"]
[Board "51"]

1. e4 e6 2. d4 d5 3. Nd2 c5 4. Ngf3 Nf6 5. exd5 exd5 6. Bb5+ Nc6 7. O-O Be7 8. dxc5 Bxc5 9. Nb3 Bb6 10. Nfd4 O-O 11. Nxc6 bxc6 12. Bxc6 Bg4 13. Qd3 Rc8 14. Bb5 Qc7 15. Bg5 Qxc2 16. Qg3 Qg6 17. Bxf6 gxf6 18. Bd3 Qg7 19. Qh4 f5 20. Kh1 Rc6 21. f3 Rh6 22. Qg3 Bh5 23. Qxg7+ Kxg7 24. Bxf5 Bg6 25. Bxg6 hxg6 26. Rad1 f5 27. Rxd5 f4 28. h3 Re8 29. Rd7+ Kf6 30. Rfd1 Re2 31. R7d2 Re3 32. Kh2 Rh8 33. Rd6+ Kg5 34. R1d5+ Kh6 35. Nd4 Re1 36. Nf5+ Kg5 37. Ne7+ Kh4 38. Nxg6# 1-0


[Site "https://www.chess.com"]

[Event "Titled Tuesday Blitz June 20 Late 2023"]
[White "Hambleton, Aman"]
[Black "Bruedigam, Martin"]
[WhiteFideId "2606577"]
[BlackFideId "24608033"]
[WhiteElo "2511"]
[BlackElo "2331"]
[Result "1-0"]
[Round "2"]
[TimeControl "180+2"]
[Date "2023.06.20"]
[WhiteClock "0:00:08"]
[BlackClock "0:00:02"]
[Board "52"]

1. d4 d5 2. Bf4 c5 3. e3 cxd4 4. exd4 Nc6 5. c3 Nf6 6. Bd3 Bg4 7. Qb3 Qc8 8. h3 Bh5 9. Nd2 e6 10. Ngf3 Be7 11. O-O O-O 12. Rfe1 Bg6 13. Bxg6 hxg6 14. a4 a6 15. Ne5 Nxe5 16. Bxe5 Qc6 17. a5 Nd7 18. Nf3 Qb5 19. Qa2 Rfc8 20. Bf4 Rc6 21. Bd2 Bd6 22. Qa4 Qd3 23. Qd1 Qb5 24. Bc1 Bc7 25. Qe2 Nf6 26. Kf1 Ne4 27. Rd1 Bd6 28. Ne1 Rcc8 29. Nd3 Bc7 30. Ne5 Bxe5 31. Qxb5 axb5 32. dxe5 Nc5 33. Ra3 Nd7 34. f4 Rc4 35. Be3 Rac8 36. Rb3 Re4 37. Kf2 g5 38. g3 gxf4 39. gxf4 g5 40. fxg5 Nxe5 41. Rxb5 Nc4 42. Bc1 Rc7 43. Re1 Rh4 44. Kg3 Rh7 45. h4 Kg7 46. Re2 Rd7 47. Bf4 Rh8 48. Be5+ Nxe5 49. Rxe5 Rc8 50. Re3 Rc4 51. Rf3 Rdc7 52. Rf4 Rxf4 53. Kxf4 Re7 54. Ke5 Rd7 55. Rc5 Kg6 56. Rc8 Kh5 57. Rh8+ Kg4 58. b4 Rc7 59. Kd4 Rc4+ 60. Kd3 Rf4 61. Rb8 Kxh4 62. Rxb7 Kxg5 63. a6 Rf3+ 64. Kc2 Rf2+ 65. Kb3 Kf6 66. a7 1-0


[Site "https://www.chess.com"]

[Event "Titled Tuesday Blitz June 20 Late 2023"]
[White "Shapiro, Viktor"]
[Black "Yanchenko, Roman"]
[WhiteFideId "4175700"]
[BlackFideId "4137329"]
[WhiteElo "2212"]
[BlackElo "2491"]
[Result "1-0"]
[Round "2"]
[TimeControl "180+2"]
[Date "2023.06.20"]
[WhiteClock "0:00:07"]
[BlackClock "0:00:00"]
[Board "53"]

1. c4 e6 2. Nc3 d5 3. d4 Nf6 4. Nf3 Be7 5. Bg5 O-O 6. e3 c6 7. Qc2 Nbd7 8. cxd5 exd5 9. Bd3 Re8 10. O-O Nf8 11. h3 g6 12. Rab1 Ne6 13. Bh4 Ng7 14. Bg3 Bf5 15. b4 a6 16. a4 Bxd3 17. Qxd3 Nf5 18. Bh2 Bd6 19. Bxd6 Nxd6 20. b5 cxb5 21. axb5 a5 22. Ne5 Rc8 23. Rfc1 Nde4 24. Na4 Qd6 25. f3 Ng3 26. Kf2 Nf5 27. b6 Nd7 28. Nxd7 Qxd7 29. Nc5 Qe7 30. e4 dxe4 31. fxe4 Nd6 32. Re1 Rcd8 33. Kg1 h5 34. Rbc1 Nc8 35. e5 Nxb6 36. e6 Nd5 37. Qb5 b6 38. exf7+ Qxf7 39. Ne4 Qf4 40. Nf2 Rf8 41. Rc2 Rd6 42. Re5 Qxd4 43. Re4 Qa1+ 44. Kh2 Nf6 45. Qc4+ Kh8 46. Re7 Rd7 47. Re6 Rdf7 48. Ne4 Nxe4 49. Qxe4 Qg7 50. Rxg6 Qh7 51. Rcc6 Rf5 52. Qd4+ 1-0


[Site "https://www.chess.com"]

[Event "Titled Tuesday Blitz June 20 Late 2023"]
[White "Santos Ruiz, Miguel"]
[Black "Taboas Rodriguez, Daniel"]
[WhiteFideId "22291482"]
[BlackFideId "2208466"]
[WhiteElo "2499"]
[BlackElo "2365"]
[Result "0-1"]
[Round "2"]
[TimeControl "180+2"]
[Date "2023.06.20"]
[WhiteClock "0:00:02"]
[BlackClock "0:00:24"]
[Board "54"]

1. e4 e5 2. Nf3 Nc6 3. Bc4 Nf6 4. d3 Bc5 5. a4 d6 6. a5 a6 7. Be3 Bb4+ 8. Bd2 Bxd2+ 9. Nbxd2 O-O 10. O-O Be6 11. Bxe6 fxe6 12. Re1 Qe7 13. c3 Nh5 14. Re3 Nf4 15. Qb3 Rab8 16. g3 Ng6 17. Kg2 Rf6 18. h4 h6 19. Nf1 Qf7 20. N1h2 Nge7 21. d4 Rf8 22. dxe5 Nxe5 23. Qd1 N7g6 24. Qe2 Nxf3 25. Rxf3 Ne5 26. Rxf6 Qxf6 27. Ra4 c5 28. Ra1 Qg6 29. Rd1 Rd8 30. f4 Nc6 31. h5 Qf6 32. Ng4 Qf7 33. e5 d5 34. Ra1 Kh8 35. Nf2 d4 36. c4 Qf5 37. Nd3 Nb4 38. Nxb4 cxb4 39. Rd1 d3 40. Qf3 d2 41. Qe2 Qc2 42. g4 Qxb2 43. Kf2 Qd4+ 44. Qe3 Qxc4 45. Rxd2 Rxd2+ 46. Qxd2 b3 47. Qd8+ Kh7 48. Qe8 Qxf4+ 0-1


[Site "https://www.chess.com"]

[Event "Titled Tuesday Blitz June 20 Late 2023"]
[White "De La Villa Garcia, Jesus Maria"]
[Black "jasardo"]
[WhiteFideId "2200040"]
[WhiteElo "2536"]
[BlackElo "2763"]
[Result "0-1"]
[Round "2"]
[TimeControl "180+2"]
[Date "2023.06.20"]
[WhiteClock "0:00:00"]
[BlackClock "0:00:08"]
[Board "55"]

1. c4 e5 2. Nc3 Bb4 3. Nd5 Be7 4. d4 exd4 5. Qxd4 Nf6 6. Nxe7 Qxe7 7. Bg5 Nc6 8. Qc3 d6 9. Nf3 Be6 10. e3 O-O-O 11. Bxf6 gxf6 12. Be2 Rhg8 13. g3 d5 14. O-O dxc4 15. Bxc4 Bh3 16. Rfd1 Qe4 17. Be2 Ne5 18. Rxd8+ Rxd8 19. Ne1 Bd7 20. Bf1 Bc6 21. Bg2 Qa4 22. Bxc6 Qxc6 23. Qxc6 bxc6 24. Rc1 Rd2 25. Rb1 Ng4 26. Rc1 Rxb2 27. Rc2 Rb1 28. Kf1 Nxh2+ 29. Ke2 Ng4 30. Rxc6 Rb2+ 31. Rc2 Rxc2+ 32. Nxc2 c5 33. Kf3 Ne5+ 34. Ke4 Kd7 35. f4 Ng4 36. Kd5 Nf2 37. Na3 Nd1 38. Nc4 h5 39. Kxc5 Ke6 40. e4 Nf2 41. f5+ Ke7 42. Kd5 Nh1 43. Nd2 Nxg3 44. Nf3 Ne2 45. Kc4 Nf4 46. a4 Kd6 47. a5 Kc7 48. Kb5 Kb7 49. a6+ Kc7 50. Kc5 Nd3+ 51. Kb5 Ne5 52. Nh4 Nc6 53. Ng2 Nd4+ 54. Kc5 Nf3 55. Nf4 h4 56. Nd5+ Kd7 57. Nxf6+ Kd8 58. Ng4 h3 59. Kc6 Ne5+ 60. Nxe5 h2 61. Nxf7+ Ke7 62. Ne5 h1=Q 63. Kd5 Qd1+ 64. Kc5 Qa4 65. Kd5 Qxa6 66. Nc6+ Kf6 67. Nd4 Qb7+ 68. Nc6 Qd7+ 69. Kc5 Qd1 70. Nd4 a5 71. Kd5 a4 72. e5+ Kg5 73. e6 Kf6 74. Kc5 a3 75. Nc6 a2 76. e7 Qc1+ 77. Kd6 Qd2+ 78. Kc7 Qe2 79. Kd7 a1=Q 80. e8=Q Qad1+ 81. Kc7 Qxe8 0-1


[Site "https://www.chess.com"]

[Event "Titled Tuesday Blitz June 20 Late 2023"]
[White "Bryakin, Mikhail"]
[Black "Nasir, Zehn"]
[WhiteFideId "4165314"]
[BlackFideId "2613239"]
[WhiteElo "2464"]
[BlackElo "1993"]
[Result "1-0"]
[Round "2"]
[TimeControl "180+2"]
[Date "2023.06.20"]
[WhiteClock "0:00:46"]
[BlackClock "0:00:00"]
[Board "56"]

1. e4 c6 2. d4 d5 3. e5 Bf5 4. h4 h5 5. Bd3 Bxd3 6. Qxd3 e6 7. Nf3 Ne7 8. a4 Qb6 9. Nbd2 Qa6 10. c4 Nd7 11. b3 Nf5 12. O-O Be7 13. g3 O-O 14. Ba3 Rfd8 15. Bxe7 Nxe7 16. Qe3 Nf5 17. Qg5 g6 18. g4 hxg4 19. Qxg4 Ng7 20. Rfc1 Rac8 21. Nf1 dxc4 22. bxc4 c5 23. d5 Nb6 24. d6 Nd7 25. Ng3 Qc6 26. a5 b5 27. axb6 axb6 28. Rab1 Ra8 29. h5 Nf8 30. hxg6 Nxg6 31. Ne4 Ra3 32. Ra1 Rxf3 33. Qxf3 Nxe5 34. Nf6+ Kf8 35. Qxc6 Nxc6 36. Rd1 Nd4 37. Kg2 Rxd6 38. Ne4 Rd8 39. Ra6 Nh5 40. Rxb6 Nf4+ 41. Kf1 Kg7 42. Nxc5 Rh8 43. f3 Rh1+ 44. Kf2 Rxd1 45. Ke3 Nfe2 46. Nd3 Rf1 47. Ne5 Rc1 48. Rb7 Kf6 49. f4 Rc3+ 50. Ke4 Ng3+ 51. Kxd4 1-0


[Site "https://www.chess.com"]

[Event "Titled Tuesday Blitz June 20 Late 2023"]
[White "FoxOnTheRun97"]
[Black "Mahdavi, Reza"]
[BlackFideId "12595926"]
[WhiteElo "2533"]
[BlackElo "2395"]
[Result "0-1"]
[Round "2"]
[TimeControl "180+2"]
[Date "2023.06.20"]
[WhiteClock "0:00:06"]
[BlackClock "0:01:32"]
[Board "57"]

1. Nf3 Nf6 2. g3 g6 3. Bg2 Bg7 4. O-O O-O 5. c4 d6 6. d3 e5 7. e4 Nc6 8. h3 h6 9. Be3 Be6 10. Qd2 Kh7 11. b4 Qd7 12. Kh2 Ne7 13. Nc3 c6 14. b5 Ne8 15. Nh4 g5 16. Nf3 f5 17. exf5 Nxf5 18. Rab1 Nf6 19. Bxg5 hxg5 20. Nxg5+ Kh8 21. bxc6 bxc6 22. Nxe6 Qxe6 23. Bxc6 Rab8 24. Ne4 Nd4 25. Nxf6 Nxc6 26. Ne4 Nd4 27. Kg2 Bh6 28. Rxb8 Rxb8 29. Qd1 Qg6 30. h4 Rb2 31. a4 Nf5 32. Qf3 Nxh4+ 0-1


[Site "https://www.chess.com"]

[Event "Titled Tuesday Blitz June 20 Late 2023"]
[White "Nazari, Arad"]
[Black "Krsnik Cohar, Ivan Vihor"]
[WhiteFideId "12577324"]
[BlackFideId "14520044"]
[WhiteElo "2175"]
[BlackElo "2414"]
[Result "1-0"]
[Round "2"]
[TimeControl "180+2"]
[Date "2023.06.20"]
[WhiteClock "0:00:15"]
[BlackClock "0:00:00"]
[Board "58"]

1. e4 c5 2. Nf3 g6 3. d4 cxd4 4. Qxd4 Nf6 5. Nc3 Nc6 6. Qa4 d6 7. e5 dxe5 8. Nxe5 Bd7 9. Nxd7 Qxd7 10. Bb5 Bg7 11. O-O O-O 12. Be3 a6 13. Bxc6 Qxc6 14. Qxc6 bxc6 15. Bd4 Nd5 16. Bxg7 Kxg7 17. Na4 Rfd8 18. a3 Rd6 19. Rfe1 e6 20. Re4 Rad8 21. g3 h5 22. Nc5 Nc7 23. Rc4 a5 24. Nb7 Rd1+ 25. Rxd1 Rxd1+ 26. Kg2 Rb1 27. b3 Rb2 28. Nxa5 Nb5 29. a4 Na3 30. Rxc6 Nxc2 31. Rc3 Kf6 32. Nc6 g5 33. h3 g4 34. hxg4 hxg4 35. a5 Ra2 36. b4 Ne1+ 37. Kf1 Nf3 38. b5 Nd2+ 39. Kg2 Ne4 40. Rc4 Kf5 41. Rxe4 Kxe4 42. a6 Ra4 43. a7 Kd5 44. Nb4+ 1-0


[Site "https://www.chess.com"]

[Event "Titled Tuesday Blitz June 20 Late 2023"]
[White "Deng, Henry"]
[Black "Yuan, Qingyu"]
[WhiteFideId "30965454"]
[BlackFideId "8609772"]
[WhiteElo "2529"]
[BlackElo "2359"]
[Result "1/2-1/2"]
[Round "2"]
[TimeControl "180+2"]
[Date "2023.06.20"]
[WhiteClock "0:00:30"]
[BlackClock "0:00:23"]
[Board "59"]

1. e4 e5 2. Nf3 Nc6 3. d4 exd4 4. Bc4 Bc5 5. Ng5 Nh6 6. Nxf7 Nxf7 7. Bxf7+ Kxf7 8. Qh5+ g6 9. Qxc5 d5 10. c3 dxe4 11. O-O Qd6 12. Qxd6 cxd6 13. cxd4 Nxd4 14. Nc3 Nc2 15. Rb1 Bf5 16. Bh6 Nb4 17. Rbd1 Rhd8 18. h3 d5 19. g4 Be6 20. Nb5 Nd3 21. f3 Ke8 22. fxe4 dxe4 23. Nc7+ Kd7 24. Nxa8 Rxa8 25. Rf4 Bd5 26. Rxd3 exd3 27. Rd4 Ke6 28. b3 Rc8 29. Rxd3 Rc2 30. Rd2 Rc3 31. Kh2 a6 32. Bf4 Rf3 33. Bg3 Rf1 34. Bf2 Bc6 35. Kg3 Rh1 36. b4 Rb1 37. Bc5 Ke5 38. Bd6+ Ke6 39. Bc5 h5 40. gxh5 gxh5 41. Kh4 Bf3 42. Rf2 Bd1 43. Rf1 Bc2 44. Rxb1 Bxb1 45. a3 Bg6 46. Kg5 Be8 47. Bf2 Kd5 48. Be1 Kc4 49. b5 Kxb5 50. Kf6 Bd7 51. h4 a5 52. Kg5 Bg4 53. Kf4 Ka4 54. Bd2 Kxa3 55. Bxa5 b5 56. Ke3 b4 57. Kd2 Ka4 58. Bd8 Kb3 59. Kc1 Kc4 60. Kb2 Be6 61. Bg5 b3 62. Bf6 Kd3 63. Bg5 Ke4 64. Be7 Kf5 65. Bg5 Kg4 66. Bd8 Kf3 67. Bg5 Ke2 68. Bd8 Kd3 69. Bg5 Kc4 70. Be7 Kd5 71. Bg5 Ke4 72. Bd8 Kf5 73. Bg5 Bf7 74. Bd8 Ke6 75. Bg5 Kd6 76. Bd8 Ke6 77. Bg5 Kd7 78. Bd2 Kc6 79. Bg5 Kb5 80. Bc1 Be6 81. Bg5 Kc6 82. Bc1 Kd7 83. Bg5 Ke8 84. Bc1 Kf7 85. Bg5 Bd5 86. Bc1 Ke6 87. Bg5 Kf5 88. Bc1 Kg4 89. Bg5 Kh3 90. Bd8 Kg3 91. Bg5 Kf3 92. Bd8 Ke4 93. Bg5 Be6 1/2-1/2


[Site "https://www.chess.com"]

[Event "Titled Tuesday Blitz June 20 Late 2023"]
[White "Tristan, Leonardo"]
[Black "Perske, Thore"]
[WhiteFideId "113816"]
[BlackFideId "12902195"]
[WhiteElo "2461"]
[BlackElo "2336"]
[Result "0-1"]
[Round "2"]
[TimeControl "180+2"]
[Date "2023.06.20"]
[WhiteClock "0:00:03"]
[BlackClock "0:00:54"]
[Board "60"]

1. d4 d5 2. Nf3 Nf6 3. Bf4 c5 4. e3 Nc6 5. Nbd2 Bg4 6. c3 e6 7. Qb3 Qc8 8. Nh4 cxd4 9. exd4 Be7 10. h3 Bh5 11. g4 Nd7 12. gxh5 Bxh4 13. Nf3 Bf6 14. h6 g6 15. O-O-O O-O 16. Kb1 a5 17. Bb5 a4 18. Bxa4 Na5 19. Qc2 Nc4 20. Bxd7 Qxd7 21. Ne5 Bxe5 22. dxe5 Qb5 23. Qb3 Qc5 24. Rd4 Ra7 25. Qb4 Qc6 26. Qe7 Qa4 27. Rxc4 Qxa2+ 28. Kc2 dxc4 29. Qf6 Qa4+ 30. Kd2 Qd7+ 31. Ke1 Ra1+ 32. Bc1 Rxc1+ 33. Ke2 Qd3# 0-1


[Site "https://www.chess.com"]

[Event "Titled Tuesday Blitz June 20 Late 2023"]
[White "Riehle, Marco"]
[Black "MaryanKyrychenko"]
[WhiteFideId "12904392"]
[WhiteElo "2462"]
[BlackElo "2527"]
[Result "1-0"]
[Round "2"]
[TimeControl "180+2"]
[Date "2023.06.20"]
[WhiteClock "0:00:23"]
[BlackClock "0:00:08"]
[Board "61"]

1. e4 c5 2. a3 g6 3. h4 h5 4. Nc3 Bg7 5. Bc4 Nc6 6. d3 e6 7. Bg5 Qc7 8. Qd2 a6 9. Nge2 b5 10. Bb3 Bb7 11. O-O-O Nge7 12. Kb1 O-O-O 13. f3 Rhe8 14. g4 d5 15. gxh5 gxh5 16. Rhg1 Bh8 17. Ng3 c4 18. Ba2 Qa5 19. Nxh5 b4 20. axb4 Nxb4 21. Bf6 d4 22. Bxc4 dxc3 23. Qxc3 Qxh5 24. Bxh8 Qxh8 25. Qxb4 Nc6 26. Qb6 Qd4 27. Qxd4 Nxd4 28. Rg7 Re7 29. h5 Rh8 30. Rh1 Kd7 31. h6 f5 32. Rg3 Reh7 33. Rgh3 Ke7 34. c3 Nc6 35. d4 Na5 36. Bd3 fxe4 37. fxe4 Nc6 38. R1h2 Nd8 39. Kc2 e5 40. d5 Nf7 41. c4 Rxh6 42. Rxh6 Rxh6 43. Rf2 Rh3 44. c5 a5 45. Bc4 Re3 46. d6+ Nxd6 47. cxd6+ Kxd6 48. Kd2 Rxe4 49. Bd3 Rd4 50. Kc3 Kc5 51. Rf5 Kd6 52. Rf6+ Kc5 53. Re6 e4 54. Re5+ Bd5 55. Bc2 Kd6 56. Kxd4 1-0


[Site "https://www.chess.com"]

[Event "Titled Tuesday Blitz June 20 Late 2023"]
[White "Veiga, Jose Francisco R P Neves"]
[Black "Golubev, Mikhail"]
[WhiteFideId "1930087"]
[BlackFideId "14100983"]
[WhiteElo "2319"]
[BlackElo "2374"]
[Result "1/2-1/2"]
[Round "2"]
[TimeControl "180+2"]
[Date "2023.06.20"]
[WhiteClock "0:00:11"]
[BlackClock "0:00:03"]
[Board "62"]

1. e4 c5 2. Nf3 d6 3. Bb5+ Bd7 4. Bxd7+ Nxd7 5. c4 Ngf6 6. Nc3 Ne5 7. O-O Nxf3+ 8. Qxf3 g6 9. b3 Bg7 10. Bb2 Nd7 11. d3 O-O 12. Qe2 Ne5 13. Nd5 e6 14. Ne3 Nc6 15. Bxg7 Kxg7 16. f4 f5 17. exf5 gxf5 18. Rae1 Qf6 19. g3 Nd4 20. Qf2 h5 21. Nc2 Nxc2 22. Qxc2 h4 23. Qe2 hxg3 24. hxg3 Qd4+ 25. Qe3 Qxe3+ 26. Rxe3 Rf6 27. Kg2 Rh8 28. Rh1 Rxh1 29. Kxh1 Kf7 30. Kg2 Ke7 31. Re1 Rh6 32. a3 Rh8 33. b4 b6 34. Rb1 Kd7 35. Rd1 Ke7 36. d4 cxb4 37. axb4 Rc8 38. Rc1 a5 39. bxa5 bxa5 40. Kf3 Rb8 41. Ra1 Rb3+ 42. Kf2 Rb4 43. Ke3 a4 44. Kd3 Rb3+ 45. Kc2 Rxg3 46. Rxa4 Rf3 47. Ra7+ Kf6 48. Rd7 Rxf4 49. Rxd6 Ke7 50. c5 Rf3 51. Rb6 Kd7 52. Rd6+ Ke7 53. Ra6 Kd7 54. Kd2 f4 55. Rb6 Re3 56. Rb1 Re4 57. Kd3 Re3+ 58. Kc4 f3 59. Rb7+ Kc6 60. Rf7 Ra3 61. Re7 Ra4+ 62. Kd3 Ra3+ 63. Ke4 Kb5 64. Rxe6 Kc4 65. Rf6 Rd3 66. c6 Rxd4+ 67. Ke5 Rd5+ 68. Ke6 Rc5 69. Kd7 Rd5+ 70. Kc7 Rd3 71. Kb7 Rb3+ 72. Kc8 Kc3 73. c7 Kc2 74. Kd8 Rd3+ 75. Ke7 Rc3 76. Kd7 Rd3+ 77. Rd6 Rc3 78. Rc6 Rxc6 79. Kxc6 f2 80. c8=Q f1=Q 81. Kd7+ Kd2 82. Qc5 Qd3+ 83. Ke7 Qe3+ 84. Kd6 Qxc5+ 85. Kxc5 1/2-1/2


[Site "https://www.chess.com"]

[Event "Titled Tuesday Blitz June 20 Late 2023"]
[White "Ozates, Tuna"]
[Black "Velikanov, Alexander"]
[WhiteFideId "6354521"]
[BlackFideId "2039290"]
[WhiteElo "2151"]
[BlackElo "2259"]
[Result "1-0"]
[Round "2"]
[TimeControl "180+2"]
[Date "2023.06.20"]
[WhiteClock "0:00:12"]
[BlackClock "0:00:16"]
[Board "63"]

1. e4 Nf6 2. e5 Nd5 3. d4 d6 4. c4 Nb6 5. exd6 exd6 6. Bd3 Nc6 7. Ne2 Be7 8. a3 Bg4 9. f3 Bh4+ 10. g3 Bxf3 11. O-O Nxd4 12. gxh4 Qxh4 13. Qe1 Nxe2+ 14. Bxe2 Qg4+ 15. Kf2 Qg2+ 16. Ke3 O-O 17. Bxf3 Rfe8+ 18. Kd3 Qxf3+ 19. Rxf3 Rxe1 20. Be3 Re8 21. Bd4 Rd1+ 22. Kc3 Ree1 23. Re3 Rxe3+ 24. Bxe3 f5 25. Kc2 Rh1 26. b3 Rxh2+ 27. Nd2 Rh3 28. Bd4 Nd7 29. Re1 Kf7 30. Bxg7 Nc5 31. Bd4 Ne6 32. Bxa7 b6 33. a4 h5 34. a5 bxa5 35. Ra1 Rh2 36. Rxa5 Ng5 37. Rxf5+ Kg6 38. Rf1 Ne4 39. Be3 h4 40. Kd3 Nf6 41. Ne4 Ng4 42. Rg1 Kh5 43. Bf4 Rh3+ 44. Kd4 Rf3 45. Bd2 Ne5 46. Rg5+ Kh6 47. Rxe5+ Kh7 48. Ng5+ Kg8 49. Nxf3 dxe5+ 50. Kxe5 h3 51. Nh2 Kf7 52. b4 Ke7 53. c5 Kd7 54. Kd5 Kc8 55. c6 Kd8 56. Kc5 Kc8 57. b5 Kb8 58. Bf4 Kc8 59. Be5 Kb8 60. b6 Ka8 61. bxc7 Ka7 62. Kd6 Ka6 63. c8=Q+ Kb6 64. Qb7+ Ka5 65. c7 Ka4 66. c8=Q Ka3 67. Qca8# 1-0


[Site "https://www.chess.com"]

[Event "Titled Tuesday Blitz June 20 Late 2023"]
[White "Fodor, Tamas Jr."]
[Black "Ortega Amarelle, Mariano"]
[WhiteFideId "723762"]
[BlackFideId "3504301"]
[WhiteElo "2504"]
[BlackElo "2392"]
[Result "1/2-1/2"]
[Round "2"]
[TimeControl "180+2"]
[Date "2023.06.20"]
[WhiteClock "0:00:12"]
[BlackClock "0:00:08"]
[Board "64"]

1. d4 d5 2. c4 e6 3. Nc3 Nf6 4. cxd5 Nxd5 5. e4 Nxc3 6. bxc3 c5 7. Nf3 cxd4 8. cxd4 Bb4+ 9. Bd2 Bxd2+ 10. Qxd2 O-O 11. Bc4 b6 12. O-O Bb7 13. Rfe1 Nd7 14. Rad1 Rc8 15. Bb3 Nf6 16. d5 exd5 17. e5 Ne4 18. Qf4 Qe7 19. Bxd5 Bxd5 20. Rxd5 Nc5 21. h4 h6 22. Red1 Rfd8 23. Qd2 Rxd5 24. Qxd5 Ne6 25. Qe4 Rd8 26. Rxd8+ Qxd8 27. g4 Nc5 28. Qf5 Qd5 29. g5 Qe6 30. Qxe6 Nxe6 31. gxh6 gxh6 32. Kg2 Kg7 33. Kg3 Kg6 34. Nd2 Kf5 35. Nc4 h5 36. Nd6+ Kxe5 37. Nxf7+ Kf6 38. Nd6 Ke5 39. Nc8 Nd4 40. Nxa7 Nf5+ 41. Kh3 Kd4 42. a4 Kc4 43. Nc8 Kc5 44. f3 Kc6 45. Na7+ Kc5 46. f4 Kb4 47. Nc8 Kc5 48. Kh2 Nxh4 49. Ne7 Kd6 50. Kg3 Ng2 51. Nf5+ Ke6 52. Ng7+ Kf7 53. Nxh5 Ne3 54. Kf3 Nc4 55. Ke4 Nb2 56. f5 Nxa4 57. Nf4 Nc5+ 58. Ke5 Nd7+ 59. Kd6 Nf6 60. Ne6 Ne4+ 61. Ke5 Ng3 62. Ng5+ Kf8 63. f6 Nh5 64. Ne6+ Kf7 65. Nd8+ Ke8 66. f7+ Ke7 67. Kf5 Ng7+ 68. Kg6 Kf8 69. Kf6 b5 70. Nc6 Nh5+ 71. Kg6 Nf4+ 72. Kf5 Kxf7 73. Kxf4 b4 74. Nxb4 1/2-1/2


[Site "https://www.chess.com"]

[Event "Titled Tuesday Blitz June 20 Late 2023"]
[White "Oro, Faustino"]
[Black "Mattheii"]
[WhiteFideId "20000197"]
[WhiteElo "1984"]
[BlackElo "2476"]
[Result "1-0"]
[Round "2"]
[TimeControl "180+2"]
[Date "2023.06.20"]
[WhiteClock "0:01:45"]
[BlackClock "0:00:34"]
[Board "65"]

1. Nf3 d5 2. e3 Nf6 3. b3 c5 4. Bb2 Nc6 5. Be2 Bg4 6. d4 e6 7. O-O cxd4 8. Nxd4 Bxe2 9. Qxe2 Be7 10. Nd2 O-O 11. c4 Qa5 12. N2f3 Rfd8 13. Rfd1 Rac8 14. cxd5 Qxd5 15. h3 h6 16. Rac1 Qe4 17. Nb5 a6 18. Bxf6 axb5 19. Bxe7 Rxd1+ 20. Qxd1 Nxe7 21. Rxc8+ 1-0


[Site "https://www.chess.com"]

[Event "Titled Tuesday Blitz June 20 Late 2023"]
[White "Darini, Pouria"]
[Black "Balla, Tamas-Kristof"]
[WhiteFideId "12502200"]
[BlackFideId "1208497"]
[WhiteElo "2482"]
[BlackElo "2334"]
[Result "1-0"]
[Round "2"]
[TimeControl "180+2"]
[Date "2023.06.20"]
[WhiteClock "0:00:31"]
[BlackClock "0:00:02"]
[Board "66"]

1. e4 c5 2. Nf3 Nc6 3. Bb5 Nf6 4. d3 g6 5. Be3 b6 6. a4 a5 7. Qd2 Bg7 8. Bxc6 dxc6 9. Bh6 O-O 10. O-O Nh5 11. h3 Re8 12. Bxg7 Nxg7 13. Nc3 e5 14. Nh2 Ne6 15. b3 Nf4 16. Ne2 Nxe2+ 17. Qxe2 Be6 18. Qe3 Qc7 19. Ng4 Bxg4 20. hxg4 Rad8 21. g3 Qd7 22. Qf3 Qe6 23. Kg2 Kg7 24. Rh1 f6 25. Rh4 Rd7 26. Rah1 Kg8 27. Qe3 Rg7 28. f3 Qd7 29. Kf2 Qe6 30. Ke2 Qd7 31. Kd2 Qe6 32. Kc1 Qd7 33. f4 exf4 34. gxf4 g5 35. Rh6 Qxg4 36. Rxf6 gxf4 37. Rxf4 Qg5 38. Rhf1 h5 39. Kb1 Re6 40. Qh3 Rh6 41. Rf8+ Kh7 42. Qc8 Rg8 43. R1f7+ Rg7 44. Rh8+ Kg6 45. Qe6+ 1-0


[Site "https://www.chess.com"]

[Event "Titled Tuesday Blitz June 20 Late 2023"]
[White "Jiang, Andrew"]
[Black "Daggupati, Balaji"]
[WhiteFideId "30953510"]
[BlackFideId "2090759"]
[WhiteElo "1883"]
[BlackElo "2706"]
[Result "0-1"]
[Round "2"]
[TimeControl "180+2"]
[Date "2023.06.20"]
[WhiteClock "0:00:22"]
[BlackClock "0:01:15"]
[Board "67"]

1. e4 c5 2. c3 d5 3. exd5 Qxd5 4. d4 Nc6 5. Nf3 Bg4 6. Be2 cxd4 7. cxd4 e6 8. Nc3 Qa5 9. h3 Bh5 10. O-O Nf6 11. Qb3 Qb4 12. Qxb4 Bxb4 13. a3 Ba5 14. Nb5 O-O 15. Be3 Rfd8 16. Rfd1 Nd5 17. b4 Bb6 18. Rac1 Rac8 19. g4 Bg6 20. Bc4 Nxe3 21. fxe3 a6 22. Nc3 Nxd4 23. exd4 Rxc4 24. Ne2 Rdc8 25. Rxc4 Rxc4 26. Ne5 Rc2 27. Nf4 Be4 28. Nd7 Bc7 29. Nh5 Rg2+ 30. Kf1 Rh2 31. Nhf6+ gxf6 32. Nxf6+ Kg7 33. Nxe4 Rxh3 34. a4 Rb3 35. b5 axb5 36. Nc5 Rb4 37. Nxb7 bxa4 38. Nc5 a3 39. Ra1 Rxd4 40. Rxa3 Bd6 41. Nb3 Rf4+ 0-1


[Site "https://www.chess.com"]

[Event "Titled Tuesday Blitz June 20 Late 2023"]
[White "Fiorito, Joaquin"]
[Black "Suarez Uriel, Adrian"]
[WhiteFideId "180173"]
[BlackFideId "22230874"]
[WhiteElo "2199"]
[BlackElo "2331"]
[Result "0-1"]
[Round "2"]
[TimeControl "180+2"]
[Date "2023.06.20"]
[WhiteClock "0:01:03"]
[BlackClock "0:01:07"]
[Board "68"]

1. d4 Nf6 2. c4 g6 3. Nc3 d5 4. Nf3 Bg7 5. h4 c6 6. cxd5 cxd5 7. Bf4 Nc6 8. e3 O-O 9. Qb3 Na5 10. Qa3 Bf5 11. Be2 a6 12. Ne5 b5 13. b3 Rc8 14. Rc1 Qb6 15. O-O Rxc3 16. Qxe7 Rxc1 17. Rxc1 Be6 18. g4 Ne4 19. Nd3 Qd8 20. Qb4 Re8 21. Bc7 Qxh4 22. Bxa5 Bxg4 23. Qe1 Bxe2 24. Qxe2 Bh6 25. Be1 Qg5+ 26. Kf1 Qf5 27. Qc2 Bxe3 28. Rd1 Bxd4 29. Nb4 Qh3+ 30. Kg1 Ng5 31. Rd3 Rxe1# 0-1


[Site "https://www.chess.com"]

[Event "Titled Tuesday Blitz June 20 Late 2023"]
[White "Jonkman, Harmen"]
[Black "Mcconnell, Sullivan"]
[WhiteFideId "1002708"]
[BlackFideId "30934885"]
[WhiteElo "2368"]
[BlackElo "2703"]
[Result "0-1"]
[Round "2"]
[TimeControl "180+2"]
[Date "2023.06.20"]
[WhiteClock "0:00:20"]
[BlackClock "0:00:54"]
[Board "69"]

1. d4 e6 2. e4 d5 3. e5 c5 4. c3 Nc6 5. Nf3 Bd7 6. Be2 f6 7. O-O fxe5 8. Nxe5 Nxe5 9. dxe5 Qc7 10. c4 d4 11. Re1 O-O-O 12. Bd3 Nh6 13. Nd2 Nf7 14. Nf3 Bc6 15. a3 Bxf3 16. Qxf3 Nxe5 17. Qh3 Nxd3 18. Qxd3 e5 19. Qf5+ Kb8 20. Qxe5 Bd6 21. Qh5 Rdf8 22. Bg5 g6 23. Qh3 Rf5 24. Bh4 Rhf8 25. Re6 Bf4 26. Rae1 a6 27. Re8+ Ka7 28. Rxf8 Rxf8 29. Bg3 Bxg3 30. hxg3 Qf7 31. Rf1 h5 32. Qh4 Qxc4 33. Qg5 d3 34. Rc1 Qd4 35. Qxc5+ Qxc5 36. Rxc5 Re8 37. Rd5 Re1+ 38. Kh2 Rd1 39. g4 h4 40. Kh3 Rh1# 0-1


[Site "https://www.chess.com"]